 Dungeon Crawl Stone Soup version 0.26.0-45-g9c1d065592 (webtiles) character file.

Game seed: 9818042544106758477

239 Eurus the Ruffian (level 5, -2/41 HPs)
             Began as a Draconian Transmuter on Jan 29, 2021.
             Slain by an iguana (7 damage)
             ... on level 5 of the Dungeon.
             The game lasted 00:09:21 (4131 turns).

Eurus the Ruffian (Draconian Transmuter)            Turns: 4131, Time: 00:09:22

Health: -2/41      AC:  5    Str: 19    XL:     5   Next: 79%
Magic:  8/9        EV: 16    Int: 14    God:
Gold:   199        SH:  0    Dex: 11    Spells: 7/10 levels left

rFire    . . .     SeeInvis .     - Unarmed
rCold    . . .     Faith    .   (no shield)
rNeg     . . .     Spirit   .   (armour unavailable)
rPois    .         Reflect  .   (helmet currently unavailable)
rElec    .         Harm     .   (no cloak)
rCorr    .         Rampage  .   (no gloves)
Will     .....                  (boots currently unavailable)
Stlth    +.........             (no amulet)
HPRegen  0.13/turn              c - +4 ring of evasion
MPRegen  0.11/turn              j - +6 ring of strength

@: appendages
A: unfitting armour, horns 2, talons 2, cold-blooded, AC +5
a: End Transformation


You were on level 5 of the Dungeon.
You had grown temporary horns.
You had grown temporary talons.
You visited 1 branch of the dungeon, and saw 5 of its levels.

You collected 199 gold pieces.

Inventory:

Jewellery
 c - a +4 ring of evasion (left hand)
 h - an uncursed ring of fire {unknown}
 j - a +6 ring of strength (right hand)
Wands
 b - a wand of flame (19)
Scrolls
 a - 2 scrolls of immolation
 d - 5 scrolls of remove curse
 e - a scroll of blinking {unknown}
 g - a scroll of amnesia
 i - a scroll of identify
 k - a scroll of fear
 n - a scroll of fog
 o - a scroll of enchant weapon {unknown}
Potions
 f - 2 potions of invisibility
 l - a potion of heal wounds {unknown}
 m - 2 potions of curing {unknown}


   Skills:
 + Level 1.7 Fighting
 + Level 2.1 Dodging
 + Level 4.8 Unarmed Combat
 + Level 3.2 Spellcasting
 + Level 3.4 Transmutations


You had 7 spell levels left.
You knew the following spells:

 Your Spells              Type           Power        Failure   Level
a - Beastly Appendage     Tmut           22%          5%          1
b - Wereblood             Tmut           11%          8%          2

Your spell library contained the following spells:

 Spells                   Type           Power        Failure   Level
 Spider Form              Tmut/Pois      3%           30%         3
 Ice Form                 Ice/Tmut       7%           71%         4
 Blade Hands              Tmut           5%           82%         5


Dungeon Overview and Level Annotations

Branches:
Dungeon (5/15)
 Temple: D:4-7

Altars:

Shops:
D:4 (

Annotations:
D:2 Sigmund
D:3 exclusion: door
D:4 Eustachio


Innate Abilities, Weirdness & Mutations

Your plain brown scales are hard. (AC +5)
You cannot fit into any form of body armour.
You are cold-blooded and may be slowed by cold attacks.
You have a pair of horns on your head.
You have razor-sharp toenails.


Message History

The iguana bites you but does no damage.
You barely miss the iguana.
The iguana is heavily wounded.
The iguana bites you!
* * * LOW HITPOINT WARNING * * *
You barely miss the iguana.
The iguana is heavily wounded.
The iguana misses you.
You closely miss the iguana.
The iguana is heavily wounded.
Casting: Beastly Appendage (safe; 5% risk of failure)
Confirm with . or Enter, or press ? or * to list all spells.
You grow a pair of large bovine horns.
Your feet morph into talons.
The iguana bites you.
* * * LOW HITPOINT WARNING * * *
You hit the iguana but do no damage. You claw the iguana, but do no damage.
You headbutt the iguana.
The iguana is severely wounded.
The iguana bites you!
You die...

#####...#########
................. ...
....#...<....... ..# .
. ##.######### #.# ..
+.....# #.# .# ###.#.#
#.# ..# #.#.# #.# ...#
#####.#.########>#....#
...$........@l.....>..#
#######.########+#....#
.... .### ####.. .. ...
.. .... .. ##### #


You could see an iguana.

Vanquished Creatures
  An ice beast (D:5)
  An orc priest (D:3)
  3 adders (D:2)
  2 worms (D:3)
  A dart slug (D:1)
  4 leopard geckos
  5 orcs
  A giant cockroach (D:3)
  5 goblins
  5 hobgoblins
  5 jackals
  15 kobolds
  A quokka (D:3)
  A ball python (D:1)
  10 bats
  4 frilled lizards
  10 rats
74 creatures vanquished.

Vanquished Creatures (others)
  9 toadstools (D:3)
9 creatures vanquished.

Grand Total: 83 creatures vanquished

Notes
Turn   | Place    | Note
-------+----------+-------------------------------------------
     0 | D:1      | Eurus the Draconian Transmuter began the quest for the Orb.
     0 | D:1      | Reached XP level 1. HP: 16/16 MP: 3/3
   527 | D:1      | Reached XP level 2. HP: 23/23 MP: 3/5
   535 | D:1      | Learned a level 2 spell: Wereblood
  1124 | D:2      | Noticed Sigmund
  1206 | D:2      | Reached XP level 3. HP: 24/28 MP: 6/6
  1870 | D:2      | Reached skill level 4 in Unarmed Combat
  2047 | D:2      | Reached XP level 4. HP: 19/35 MP: 5/7
  3477 | D:3      | Reached XP level 5. HP: 26/40 MP: 7/9
  3673 | D:4      | Noticed Eustachio
  3769 | D:4      | Noticed a phantom
  3879 | D:4      | Found Istron's Antique Weapon Shop.
  3966 | D:4      | Noticed an ogre
  4081 | D:5      | Entered Level 5 of the Dungeon
  4104 | D:5      | Noticed an ice beast
  4120 | D:5      | Killed an ice beast
  4131 | D:5      | Slain by an iguana

Illustrated notes

Levels and vault maps discovered:
D:1:      amcnicky_arrival_underground_garden, layout_basic, st_stairs_11
D:2:      layout_loops_ring, uniq_sigmund
D:3:      cheibrodos_fertilizer, layout_basic, kennysheep_generic_room_14
D:4:      layout_loops_ring, serial_shops, shop, uniq_eustachio
D:5:      layout_basic, minmay_a_box_with_orc_wizards_in_it

Skill      XL: |  1  2  3  4  5 |
---------------+----------------+-----
Unarmed Combat | 4 |  4.8
Transmutations | 3 |  3.4
Dodging        | 2 |  2.1
Spellcasting   | 3 |  3.2
Fighting       | |  1.7

Action                   |  1- 3 |  4- 6 || total
-------------------------+-------+-------++-------
Melee: Unarmed           |   106 |   108 ||   214
       Headbutt          |     9 |     7 ||    16
       Tailslap          |     6 |    13 ||    19
       Kick              |     2 |    16 ||    18
       Punch             |     1 |       ||     1
 Cast: Beastly Appendage |    17 |    14 ||    31
  Use: Scroll            |       |     8 ||     8
 Stab: Sleeping          |     2 |       ||     2
Armor: Skin              |    33 |    22 ||    55
Dodge: Dodged            |    70 |    81 ||   151
